 Dungeon Crawl Stone Soup version 0.27.1-4-g1640c2035a (webtiles) character file.

Game seed: 13432582342820389354

204 McKennaii the Poker (level 5, -2/41 HPs)
             Began as a Demonspawn Fighter on Nov 16, 2021.
             Slain by an ogre (17 damage)
             ... on level 4 of the Dungeon.
             The game lasted 00:02:55 (3245 turns).

McKennaii the Poker (Demonspawn Fighter)            Turns: 3245, Time: 00:02:55

Health: -2/41      AC:  8    Str: 17    XL:     5   Next: 52%
Magic:  5/5        EV:  7    Int: 10    God:
Gold:   8          SH: 14    Dex: 12    Spells: 4/4 levels left

rFire    . . .     SeeInvis .   a - +0 trident
rCold    . . .     Faith    .   c - +0 kite shield
rNeg     . . .     Spirit   .   b - +0 scale mail
rPois    .         Reflect  +   (helmet restricted)
rElec    .         Harm     .   (no cloak)
rCorr    .         Rampage  .   (no gloves)
Will     .....                  (no boots)
Stlth    ..........             j - amulet of reflection
HPRegen  0.13/turn              (no ring)
MPRegen  0.09/turn              (no ring)

@: no status effects
A: horns 1, yellow scales 1
a: no special abilities


You were on level 4 of the Dungeon.
You visited 1 branch of the dungeon, and saw 4 of its levels.

You collected 164 gold pieces.
You spent 156 gold pieces at shops.

Inventory:

Hand Weapons
 a - a +0 trident (weapon)
Armour
 b - a +0 scale mail (worn)
 c - a +0 kite shield (worn)
Jewellery
 j - an amulet of reflection (around neck)
 k - an amulet of regeneration
Scrolls
 e - a scroll of enchant weapon {unknown}
 f - a scroll of holy word {unknown}
 g - 3 scrolls of identify
 l - a scroll of teleportation {unknown}
 m - 2 scrolls of magic mapping
 o - a scroll of enchant armour
 p - a scroll of acquirement {unknown}
Potions
 d - 2 potions of might
 h - a potion of curing {unknown}
 i - a potion of resistance {unknown}
 n - a potion of lignification {unknown}


   Skills:
 + Level 3.3 Fighting
 + Level 3.6 Polearms
 + Level 3.4 Armour
 + Level 0.9 Dodging
 + Level 0.1 Stealth
 + Level 3.6 Shields


You had 4 spell levels left.
You didn't know any spells.
Your spell library contained the following spells:

 Spells                   Type           Power      Damage    Failure   Level
 Apportation              Tloc           0%         N/A       99%         1
 Sandblast                Erth           0%         2d4       99%         1
 Corpse Rot               Necr/Air       N/A        N/A       100%        2
 Passwall                 Tmut/Erth      0%         N/A       100%        2
 Poisonous Vapours        Pois/Air       0%         N/A       100%        2
 Alistair's Intoxication  Tmut/Pois      0%         N/A       100%        5
 Freezing Cloud           Conj/Ice/Air   0%         6-21      100%        5
 Lee's Rapid Deconstruct  Erth           0%         3d5*      100%        5
 Invisibility             Hex            0%         N/A       100%        6


Dungeon Overview and Level Annotations

Branches:
Dungeon (4/15)
 Temple: D:4-7

Altars:
Wu Jian

Shops:
D:3 ?


Innate Abilities, Weirdness & Mutations

You have a pair of small horns on your head.
You are partially covered in yellow scales. (AC +2)


Message History

No target in view!
An ogre comes into view. It is wielding a +0 giant club.
An ogre is nearby!
An ogre is nearby!
An ogre is nearby!
The ogre shouts!
You puncture the ogre!
The ogre is heavily wounded.
The ogre hits you with a +0 giant club!!
You are too injured to fight recklessly!
You are too injured to fight recklessly!
You are too injured to fight recklessly!
You are too injured to fight recklessly!
You are too injured to fight recklessly!
You are too injured to fight recklessly!
You are too injured to fight recklessly!
You are too injured to fight recklessly!
You are too injured to fight recklessly!
You are too injured to fight recklessly!
You are too injured to fight recklessly!
You are too injured to fight recklessly!
You are too injured to fight recklessly!
You are too injured to fight recklessly!
You are too injured to fight recklessly!
You are too injured to fight recklessly!
You are too injured to fight recklessly!
You are too injured to fight recklessly!
You are too injured to fight recklessly!
You are too injured to fight recklessly!
You are too injured to fight recklessly!
You hit the ogre.
The ogre is heavily wounded.
You block the ogre's attack.
You hit the ogre.
The ogre is heavily wounded.
You block the ogre's attack.
You puncture the ogre! Your headbutt misses the ogre.
The ogre is almost dead.
You block the ogre's attack. The ogre hits you with a +0 giant club!
You die...

..## ... ..# .
#####.########
#>####............###.
..........$....<......
......)...............
......†...@O........#
......†.............##?
............<..........
.......................
....................#
...............)...##
............#.....##
#.........#..####.#
...#...#. ...


You could see an ogre.

Vanquished Creatures
  A hound (D:1)
  A jelly (D:4)
  2 adders (D:3)
  3 river rats (D:3)
  3 worms (D:3)
  An orc (D:3)
  3 ball pythons
  8 endoplasms
  3 giant cockroaches
  10 goblins
  7 hobgoblins
  9 jackals
  5 quokkas
  6 bats
  7 frilled lizards
  7 kobolds
  11 rats
87 creatures vanquished.

Vanquished Creatures (others)
  A kobold (D:3)
1 creature vanquished.

Grand Total: 88 creatures vanquished

Notes
Turn   | Place    | Note
-------+----------+-------------------------------------------
     0 | D:1      | McKennaii the Demonspawn Fighter began the quest for the
                  | Orb.
     0 | D:1      | Reached XP level 1. HP: 18/18 MP: 1/1
    47 | D:1      | Found a faded altar of an unknown god.
   397 | D:1      | Gained mutation: You are partially covered in yellow
                  | scales. (AC +2) [demonic ancestry]
   397 | D:1      | Reached XP level 2. HP: 10/24 MP: 2/2
  1057 | D:1      | Reached XP level 3. HP: 21/29 MP: 3/3
  1398 | D:1      | Gained mutation: You have a pair of small horns on your
                  | head. [demonic ancestry]
  1398 | D:1      | Reached XP level 4. HP: 14/35 MP: 4/4
  1775 | D:2      | Found an ornate altar of the Wu Jian Council.
  2287 | D:3      | Found Nodawad's Magic Scroll Shop.
  2293 | D:3      | Bought a scroll of magic mapping for 42 gold pieces
  2293 | D:3      | Bought a scroll of enchant armour for 90 gold pieces
  2293 | D:3      | Bought a scroll of identify for 24 gold pieces
  2442 | D:3      | Reached XP level 5. HP: 4/41 MP: 5/5
  3238 | D:4      | Noticed an ogre
  3245 | D:4      | Slain by an ogre

Illustrated notes

Levels and vault maps discovered:
D:1:      lightli_arrival_windingriver, layout_loops_ring,
          shapermc_ecumenical_altar_starsandcircs
D:2:      layout_rooms, basic_altar
D:3:      layout_loops_ring, lightli_sewer_entry_pipes, serial_shops, shop
D:4:      layout_rooms, minmay_temple_entry_mist, st_stairs_11,
          interstate_on_off

Skill      XL: |  1  2  3 |
---------------+----------+-----
Polearms       | 2 3 |  3.6
Armour         | 3 |  3.4
Shields        | 3 |  3.6
Fighting       | |  3.3
Dodging        | |  0.9
Stealth        | |  0.1

Action                   |  1- 3 |  4- 6 || total
-------------------------+-------+-------++-------
Melee: Trident           |   147 |   211 ||   358
       Headbutt          |       |    27 ||    27
Armor: Scale mail        |   101 |    64 ||   165
Dodge: Dodged            |    56 |    28 ||    84
Block: Kite shield       |    77 |   135 ||   212
       Reflection        |       |     2 ||     2
